 Dungeon Crawl Stone Soup version 0.18.1-5-g4a78601 (webtiles) character file.

117 jacquesderrida the Poker (level 4, 8/33 HPs)
             Began as a Demonspawn Skald on May 14, 2016.
             Was an Initiate of Ashenzari.
             Quit the game on level 4 of the Dungeon.
             The game lasted 00:01:58 (639 turns).

jacquesderrida the Poker (Demonspawn Skald)          Turns: 639, Time: 00:01:59

Health: 8/33       AC:  4    Str: 16    XL:     4   Next: 71%
Magic:  7/7        EV: 11    Int: 13    God:    Ashenzari [......]
Gold:   60         SH:  0    Dex: 13    Spells: 1 memorised, 6 levels left

rFire  . . .     SeeInvis .     a - +0 spear
rCold  . . .     Gourm    .     b - +0 leather armour
rNeg   . . .     Faith    .     (no shield)
rPois  .         Spirit   .     k - +0 helmet
rElec  .         Dismiss  .     (no cloak)
rCorr  .         Reflect  .     (no gloves)
SustAt .         Harm     .     (no boots)
MR     .....                    (no amulet)
Stlth  ++........               (no ring)
                                h - +3 ring of strength

@: exhausted, slowed, very slow, not resistant to hostile enchantments,
unstealthy
A: nightstalker 1, rot immunity
a: Curse Item, Renounce Religion


You were on level 4 of the Dungeon.
You worshipped Ashenzari.
Ashenzari was noncommittal.
You were not hungry.

You visited 1 branch of the dungeon, and saw 4 of its levels.

You collected 60 gold pieces.

Inventory:

Hand Weapons
 a - a +0 spear (weapon)
Armour
 b - a +0 leather armour (worn)
 k - a +0 helmet (worn)
Jewellery
 h - a +3 ring of strength (left hand)
Scrolls
 e - 2 scrolls of magic mapping {unknown}
 f - a scroll of immolation {unknown}
 j - a scroll of teleportation {unknown}
 l - 3 scrolls of identify {unknown}
Potions
 g - a potion of berserk rage
Books
 c - a book of Battle

   Spells                             Type                      Level
   a - Infusion                       Charms                       1
   b - Shroud of Golubria             Charms/Translocation         2
   c - Song of Slaying                Charms                       2
   d - Spectral Weapon                Hexes/Charms                 3
   e - Regeneration                   Charms/Necromancy            3
Comestibles
 d - a bread ration
 i - 2 meat rations
 m - 2 chunks of flesh


   Skills:
 - Level 2.0 Fighting
 + Level 3.7 Polearms
 - Level 0.8 Armour
 - Level 0.8 Dodging
 - Level 2.0 Spellcasting
 + Level 3.7 Charms


You had 6 spell levels left.
You knew the following spells:

 Your Spells              Type           Power        Failure   Level  Hunger
a - Infusion              Chrm           ##..         10%         1    ##.....


Dungeon Overview and Level Annotations

Branches:
Dungeon (4/15)
 Temple: D:4-7

Altars:
Ashenzari
Xom


Innate Abilities, Weirdness & Mutations

You are slightly more attuned to the shadows.
You are immune to rotting.


Message History

You are too injured to fight recklessly!
You are too injured to fight recklessly!
You are too injured to fight recklessly!
You are too injured to fight recklessly!
You hit the worm.
The worm is severely wounded.
The worm closely misses you.
You hit the worm.
The worm is almost dead.
The worm closely misses you.
You hit the worm but do no damage.
The worm is almost dead.
The worm bites you.
* * * LOW HITPOINT WARNING * * *
You hit the worm.
The worm is almost dead.
You hit the worm.
You kill the worm!
Unknown command.
Are you sure you want to abandon this character and quit the game? (Confirm with "yes".)

#.##......... #.##.....####
#.##.....### # #..#.....
........... #.#..#.....
..######.### O#..#.....
.#####>..... .........
.......# .. ......##
.#####.##############.......
## #........).@......#
......###############.#
....... .............
.)....# ....##.#.h..#
......# ... ......s# ......#
.. .#. .h.# ####.. . #.
...... #. .# #..


There were no monsters in sight!

Vanquished Creatures
  An ogre (D:4)
  An adder (D:3)
  A worm (D:4)
  2 bats
  3 giant cockroaches
  3 hobgoblins
  A jackal (D:4)
  4 kobolds
  4 giant newts
  3 goblins
  A rat (D:2)
24 creatures vanquished.

Notes
Turn   | Place    | Note
--------------------------------------------------------------
     0 | D:1      | jacquesderrida the Demonspawn Skald began the quest for the Orb.
     0 | D:1      | Reached XP level 1. HP: 16/16 MP: 3/3
   246 | D:2      | Found a shattered altar of Ashenzari.
   250 | D:2      | Became a worshipper of Ashenzari the Shackled
   321 | D:2      | Gained mutation: You are immune to rotting. [demonic ancestry]
   321 | D:2      | Reached XP level 2. HP: 20/22 MP: 5/5
   358 | D:2      | Found a shimmering altar of Xom.
   456 | D:3      | Found a faded altar to an unknown god.
   511 | D:3      | Gained mutation: You are slightly more attuned to the shadows. [demonic ancestry]
   511 | D:3      | Reached XP level 3. HP: 10/27 MP: 1/6
   603 | D:4      | Noticed an ogre
   623 | D:4      | Killed an ogre
   623 | D:4      | Reached XP level 4. HP: 33/33 MP: 7/7
   639 | D:4      | Quit the game

Skill      XL: |  1  2  3 |
---------------+----------+-----
Polearms       | 2 3 |  3.7
Charms         | 3 |  3.7
Fighting       | |  2.0
Armour         | |  0.8
Dodging        | |  0.8
Spellcasting   | |  2.0

Action                   |  1- 3 |  4- 6 || total
-------------------------+-------+-------++-------
Melee: Spear             |    81 |    12 ||    93
 Cast: Infusion          |     1 |       ||     1
  Use: Potion            |     1 |       ||     1
Armor: Leather armour    |    23 |       ||    23
Dodge: Dodged            |    45 |     2 ||    47
